 Dungeon Crawl Stone Soup version 0.30.0-29-ga12c61a403 (webtiles) character file.

Game seed: 6459700102282803241

2087 Brecoman the Magician (level 9, -1/65 HPs)
             Began as a Mummy Necromancer on June 13, 2023.
             Was a Follower of Kikubaaqudgha.
             Slain by a gnoll
             ... wielding a +0 halberd
             ... led by a gnoll sergeant
              (11 damage)
             ... on level 8 of the Dungeon.
             The game lasted 00:32:58 (6982 turns).

Brecoman the Magician (Mummy Necromancer)           Turns: 6982, Time: 00:32:59

Health: -1/65      AC: 11    Str: 11    XL:     9   Next: 6%
Magic:  13/19      EV: 12    Int: 21    God:    Kikubaaqudgha [*.....]
Gold:   138        SH:  7    Dex: 12    Spells: 11/22 levels left

rFire   + . .        m - +7 dagger of Peotzal {pain, rF+ rC+}
rCold   + + +        o - +2 buckler
rNeg    + + +        s - +0 steam dragon scales
rPois   ∞            b - +0 helmet
rElec   .            k - +1 cloak
rCorr   .            p - +1 pair of gloves
SInv    .            i - +0 pair of boots of Qaif {rF+ rC+ rN+ Int+2 Stlth+}
Will    +....        (no amulet)
Stlth   +++          (no ring)
HPRegen 0.30/turn    (no ring)
MPRegen 0.16/turn

%: faith
@: studying Spellcasting
A: cold resistance 1, negative energy resistance 3, torment resistance 2, heat
vulnerability 1, in touch with death 1, no potions, faith
a: Renounce Religion, Unearth Wretches


You were on level 8 of the Dungeon.
You worshipped Kikubaaqudgha.
Kikubaaqudgha was aware of your devotion.
You visited 2 branches of the dungeon, and saw 9 of its levels.

You collected 306 gold pieces.
You spent 168 gold pieces at shops.

Inventory:

Hand Weapons
 c - a +1 dagger
 m - the +7 dagger of Peotzal (weapon) {pain, rF+ rC+}
   (You bought it in a shop on level 3 of the Dungeon)

   rF:        It protects you from fire.
   rC:        It protects you from cold.
Missiles
 h - 56 stones
Armour
 a - a +0 robe
 b - a +0 helmet (worn)
 i - the +0 pair of boots of Qaif (worn) {rF+ rC+ rN+ Int+2 Stlth+}
   (You found it on level 3 of the Dungeon)

   Int:       It affects your intelligence (+2).
   rF:        It protects you from fire.
   rC:        It protects you from cold.
   rN:        It protects you from negative energy.
   Stlth:     It makes you more stealthy.
 j - a +0 leather armour
 k - a +1 cloak (worn)
 o - a +2 buckler (worn)
 p - a +1 pair of gloves (worn)
 s - +0 steam dragon scales (worn)
Jewellery
 f - a ring of ice
Wands
 d - a wand of quicksilver (9)
 t - a wand of flame (17)
 w - a wand of digging (5)
Scrolls
 e - a scroll of immolation
 g - 3 scrolls of noise
 l - 2 scrolls of amnesia
 n - a scroll of torment
 q - a scroll of silence
 r - a scroll of fog
 u - a scroll of enchant weapon
 v - a scroll of identify


   Skills:
 + Level 4.0 Fighting
 * Level 3.8 Short Blades
 + Level 3.8 Dodging
 - Level 1.5 Stealth
 + Level 4.1 Shields
 + Level 7.1 Spellcasting
 + Level 6.5 Necromancy


You had 11 spell levels left.
You knew the following spells:

 Your Spells              Type           Power      Damage    Failure   Level
a - Necrotise             Necr           100%       1d9       1%          1
b - Vampiric Draining     Necr           51%        2d9       2%          3
c - Kiss of Death         Conj/Necr      100%       2d13      3%          1
d - Cigotuvi's Dreadful   Necr/Pois/Air  48%        N/A       8%          2
e - Animate Dead          Necr           51%        N/A       9%          4

Your spell library contained the following spells:

 Spells                   Type           Power      Damage    Failure   Level
 Sandblast                Erth           14%        2d6       12%         1
 Passwall                 Tmut/Erth      5%         N/A       19%         2
 Static Discharge         Conj/Air       14%        2-3/arc   19%         2
 Agony                    Necr           51%        N/A       22%         5
 Stone Arrow              Conj/Erth      14%        3d7       36%         3
 Vhi's Electric Charge    Tloc/Air       14%        N/A       36%         3
 Airstrike                Air            3%         2d(1-17)  77%         4
 Summon Lightning Spire   Summ/Air       7%         N/A       77%         4
 Arcjolt                  Conj/Air       3%         1d13      98%         5
 Maxwell's Capacitive Co  Air            3%         ∞         100%        8


Dungeon Overview and Level Annotations

Branches:
Dungeon (8/15)             Temple (1/1) D:5
   Lair: D:8-11

Altars:
Ashenzari
Cheibriados
Dithmenos
Gozag
Hepliaklqana
Kikubaaqudgha
Makhleb
Nemelex Xobeh
Qazlal
Ru
Sif Muna
Trog
Uskayaw
Vehumet
Wu Jian
Xom
Yredelemnul

Shops:
D:1 :   D:3 (   D:4 *   D:8 (

Annotations:
D:6 Grinder, Menkaure


Innate Abilities, Weirdness & Mutations

You are immune to poison.
Your flesh is cold resistant. (rC+)
You are immune to negative energy. (rN+++)
You are immune to unholy pain and torment.
You are vulnerable to heat. (rF-)
You are in touch with the powers of death.
You do not drink.
You have a special connection with the divine. (Faith)


Message History

You block the gnoll's attack. The gnoll barely misses you.
You block the gnoll sergeant's attack.
You puncture the gnoll sergeant!
The gnoll sergeant writhes in agony.
The gnoll sergeant is heavily wounded.
The gnoll closely misses you. The gnoll barely misses you.
You block the gnoll sergeant's attack.
The gnoll hits you from afar with a +0 heavy halberd!
You are too injured to fight recklessly!
You are too injured to fight recklessly!
You are too injured to fight recklessly!
You are too injured to fight recklessly!
You are too injured to fight recklessly!
Casting: Necrotise (safe; 1% risk of failure)
Confirm with . or Enter, or press ? or * to list all spells.
Aiming: Vampiric Draining (dangerous; 2% risk of failure)
Press: ? - help, Shift-Dir - straight line, f - gnoll sergeant
Aim: a gnoll sergeant, wielding a +4 vampiric trident and wearing a +0 scale mail (heavily wounded)
You feel a surge of power!
You draw life force from the gnoll sergeant!
You feel life coursing into your body. The gnoll hits you with a +0 halberd!
* * * LOW HITPOINT WARNING * * *
The gnoll hits you with a +0 halberd.
* * * LOW HITPOINT WARNING * * *
The gnoll sergeant hits you with a +4 vampiric trident.
* * * LOW HITPOINT WARNING * * *
Okay, then.
Unknown command.
Okay, then.
Casting: Vampiric Draining (dangerous; 2% risk of failure)
Confirm with . or Enter, or press ? or * to list all spells.
Aiming: Vampiric Draining (dangerous; 2% risk of failure)
Press: ? - help, Shift-Dir - straight line, f/p - gnoll sergeant
Aim: a gnoll sergeant, wielding a +4 vampiric trident and wearing a +0 scale mail (almost dead)
You feel a surge of power!
You draw life force from the gnoll sergeant!
You kill the gnoll sergeant!
Kikubaaqudgha accepts your kill.
You feel life coursing into your body. The gnoll hits you with a +0 halberd!
You die...
Kikubaaqudgha rasps: "You have failed me!
Welcome... oblivion!"

........................####
........................#...
....#+##'################...
....#......'.....# #... ...
#......#.....# #...
#......#.....# #...
###+#####....# #'##
......)g#...## #...
.....g.@'..(#########...
.....Jg.#..[.#...).'....
........#...##.....##...
........######.....##'##
........# #......#....
........# #......#....
........# #......#....
........# ############


You could see a jelly and 3 gnolls.

Vanquished Creatures
  A steam dragon (D:7)
  A sky beast (D:7)
  2 black bears (D:7)
  An ogre (D:4)
  A centaur (D:5)
  4 phantoms
  Blork the orc (D:4)
  A bullfrog (D:7)
  2 gnoll sergeants
  2 scorpions (D:5)
  4 jellies
  A howler monkey (D:6)
  An orc priest (D:4)
  Crazy Yiuf (D:6)
  5 hounds
  5 iguanas
  An orc wizard (D:4)
  3 sleepcaps
  Ijyb (D:3)
  Terence (D:2)
  7 gnolls
  8 adders
  A white imp (D:5)
  An ufetubus (D:6)
  A worm (D:2)
  2 dart slugs (D:1)
  6 orcs
  4 bats
  7 endoplasms
  2 giant cockroaches
  9 goblins
  7 hobgoblins
  4 kobolds
  3 ball pythons
  4 frilled lizards
  2 rats (D:1)
107 creatures vanquished.

Vanquished Creatures (collateral kills)
  A jelly (D:6)
  An endoplasm (D:1)
  A giant cockroach (D:2)
  2 goblins
  A hobgoblin (D:2)
  A quokka (D:1)
7 creatures vanquished.

Vanquished Creatures (others)
  An orc wizard (D:7)
1 creature vanquished.

Grand Total: 115 creatures vanquished

Notes
Turn   | Place    | Note
-------+----------+-------------------------------------------
     0 | D:1      | Brecoman the Mummy Necromancer began the quest for the Orb.
     0 | D:1      | Reached XP level 1. HP: 13/13 MP: 4/4
   248 | D:1      | Reached XP level 2. HP: 20/20 MP: 5/5
   264 | D:1      | Reached skill level 3 in Spellcasting
   381 | D:1      | Found Seckucit's Vocational Training.
   506 | D:1      | Reached skill level 1 in Fighting
   766 | D:1      | Gained mutation: You are in touch with the powers of death.
                  | [Mummy growth]
   766 | D:1      | Reached XP level 3. HP: 26/26 MP: 7/7
   770 | D:1      | Learned a level 3 spell: Vampiric Draining
  1167 | D:2      | Noticed Terence
  1204 | D:2      | Killed Terence
  1205 | D:2      | Reached XP level 4. HP: 33/33 MP: 3/9
  2046 | D:3      | Reached XP level 5. HP: 38/38 MP: 5/10
  2124 | D:3      | Reached skill level 4 in Spellcasting
  2244 | D:3      | Noticed Ijyb
  2274 | D:3      | Killed Ijyb
  2281 | D:3      | Identified the +0 pair of boots of Qaif {rF+ rC+ rN+ Int+2
                  | Stlth+}
  2422 | D:3      | Found Raimiptir's Antique Weapon Shoppe.
  2470 | D:3      | Found a snail-covered altar of Cheibriados.
  2470 | D:3      | Found a hazy altar of Hepliaklqana.
  2666 | D:4      | Noticed Blork the orc
  2808 | D:4      | Killed Blork the orc
  2809 | D:4      | Reached skill level 1 in Shields
  2809 | D:4      | Reached skill level 5 in Necromancy
  2860 | D:4      | Reached XP level 6. HP: 46/46 MP: 7/12
  3337 | D:4      | Found Nofaxus's Assorted Antiques.
  3504 | D:5      | Entered Level 5 of the Dungeon
  3515 | D:5      | Reached skill level 5 in Spellcasting
  3893 | D:5      | Reached XP level 7. HP: 51/51 MP: 6/14
  4167 | D:3      | Bought a fading dagger for 168 gold pieces
  4167 | D:3      | Identified the +7 dagger of Peotzal {pain, rF+ rC+} (You
                  | bought it in a shop on level 3 of the Dungeon)
  4266 | D:5      | Reached skill level 1 in Short Blades
  4477 | D:5      | Found a staircase to the Ecumenical Temple.
  4510 | Temple   | Entered the Ecumenical Temple
  4659 | Temple   | Became a worshipper of Kikubaaqudgha
  4949 | D:6      | Reached XP level 8. HP: 53/58 MP: 16/16
  5062 | D:6      | Noticed Menkaure
  5154 | D:6      | Reached skill level 6 in Spellcasting
  5260 | D:6      | Noticed Grinder
  5342 | D:6      | Found a runed translucent door.
  5343 | D:6      | Noticed Crazy Yiuf
  5351 | D:6      | Killed Crazy Yiuf
  5626 | D:7      | Reached * piety under Kikubaaqudgha
  5626 | D:7      | Received a gift from Kikubaaqudgha
  5667 | D:7      | Learned a level 1 spell: Kiss of Death
  5670 | D:7      | Learned a level 2 spell: Cigotuvi's Dreadful Rot
  5675 | D:7      | Learned a level 4 spell: Animate Dead
  6042 | D:7      | Reached XP level 9. HP: 50/65 MP: 14/19
  6189 | D:7      | Reached skill level 7 in Spellcasting
  6669 | D:8      | Found Dacon's Weapon Emporium.
  6982 | D:8      | Slain by a gnoll

Illustrated notes

Levels and vault maps discovered:
D:1:      heliophobic_arrival_ceremonial_halls, layout_basic,
          nicolae_shop_vocational
D:2:      layout_loops_ring, uniq_terence
D:3:      layout_basic, nicolae_overflow_two_pavilions, serial_shops, shop,
          uniq_ijyb
D:4:      layout_rooms, serial_shops, shop, roderic_roman_lattice,
          uniq_blork_the_orc
D:5:      layout_gridville, minmay_temple_entry_fiery
D:6:      layout_layer_cave, uniq_grinder, uniq_menkaure,
          uniq_crazy_yiuf_cottage
D:7:      cheibrodos_quashed, layout_layer_cave, minmay_manual_monstrance
D:8:      layout_gridville, serial_shops, shop, shop, shop,
          nicolae_shop_just_a_little_nook
Temple:   compressed_dpeg_circular_temple

Skill      XL: |  1  2  3  4  5  6  7  8  9 |
---------------+----------------------------+-----
Spellcasting   | 3 4 5 6 7 |  7.1
Fighting       | 1 2 3 4 |  4.0
Dodging        | 2 3 |  3.8
Shields        | 1 2 3 4 |  4.1
Necromancy     | 5 6 |  6.5
Short Blades   | 1 3 |  3.8
Stealth        | |  1.5

Action                     |  1- 3 |  4- 6 |  7- 9 || total
---------------------------+-------+-------+-------++-------
  Melee: Dagger            |    50 |    33 |   204 ||   287
         Unarmed           |     3 |       |       ||     3
         Punch             |     1 |       |       ||     1
   Cast: Necrotise         |    46 |    92 |    26 ||   164
         Vampiric Draining |       |     4 |     2 ||     6
         Kiss of Death     |       |       |     1 ||     1
    Use: Scroll            |       |     8 |     2 ||    10
   Stab: Sleeping          |     2 |     1 |     3 ||     6
         Distracted        |       |       |     1 ||     1
 Armour: Robe              |     7 |     2 |       ||     9
         Leather armour    |       |     9 |    50 ||    59
         Steam dragon scal |       |       |     8 ||     8
  Dodge: Dodged            |    40 |    35 |   109 ||   184
  Block: Buckler           |       |     9 |    44 ||    53
